 Dungeon Crawl Stone Soup version 0.21-a0-358-g8928369 (webtiles) character file.

13820 Dfrag the Destroyer (level 11, -20/68 HPs)
             Began as a Demonspawn Fire Elementalist on Oct 13, 2017.
             Was a High Priest of Vehumet.
             Demolished by a large slime creature (45 damage)
             ... on level 12 of the Dungeon.
             The game lasted 00:21:32 (12019 turns).

Dfrag the Destroyer (Demonspawn Fire Elementalist) Turns: 12019, Time: 00:21:32

Health: -20/68     AC: 13    Str:  9    XL:     11   Next: 80%
Magic:  7/25       EV: 11    Int: 19    God:    Vehumet [*****.]
Gold:   822        SH:  0    Dex: 14    Spells: 10/30 levels left

rFire    + . .     SeeInvis .   e - +1 hand axe (elec)
rCold    x . .     Gourm    .   (no shield)
rNeg     . . .     Faith    .   C - +5 leather armour of the Game of Life {rElec}
rPois    .         Spirit   .   (helmet restricted)
rElec    +         Reflect  .   E - scarf {cloud immunity}
rCorr    .         Harm     +   x - +1 pair of gloves
MR       +....     Clarity  +   (no boots)
Stlth    +.........             z - amulet of harm
HPRegen  0.21/turn              m - ring of fire
MPRegen  0.19/turn              w - +5 ring of slaying

@: no status effects
A: hooves 1, horns 2, icy blue scales 2, clarity, foul stench 1, magic
resistance 1, spiny 1, wild magic 1, rot immunity
a: Renounce Religion


You were on level 12 of the Dungeon.
You worshipped Vehumet.
Vehumet was extremely pleased with you.
You were near starving.

You visited 2 branches of the dungeon, and saw 13 of its levels.
You also visited: Ossuary.

You collected 822 gold pieces.

Inventory:

Hand Weapons
 e - a +1 hand axe of electrocution (weapon)
Armour
 x - a +1 pair of gloves (worn)
 C - the +5 leather armour of the Game of Life (worn) {rElec}
   (You found it on level 9 of the Dungeon)

   It insulates you from electricity.
 E - a scarf of cloud immunity (worn)
Jewellery
 m - a ring of fire (left hand)
 r - an uncursed ring of protection from cold
 w - a +5 ring of slaying (right hand)
 z - an amulet of harm (around neck)
 K - an uncursed ring of flight {unknown}
Wands
 d - a wand of flame (4/48)
Scrolls
 g - 11 scrolls of teleportation {unknown}
 h - 12 scrolls of identify {unknown}
 i - 6 scrolls of amnesia {unknown}
 j - a scroll of enchant armour {unknown}
 k - 5 scrolls of fog {unknown}
 n - 5 scrolls of remove curse {unknown}
 s - 2 scrolls of immolation {unknown}
 y - 2 scrolls of noise {unknown}
 F - 2 scrolls of magic mapping {unknown}
 I - a scroll of recharging {unknown}
Potions
 f - 2 potions of berserk rage
 l - 3 potions of might
 p - 4 potions of heal wounds {unknown}
 t - a potion of haste {unknown}
 u - 2 potions of lignification {unknown}
 A - 2 potions of flight {unknown}
 B - 2 potions of curing
 J - a potion of magic
Books
 b - a book of Flames

   Spells                             Type                      Level
   a - Flame Tongue                   Conjuration/Fire             1
   b - Throw Flame                    Conjuration/Fire             2
   c - Conjure Flame                  Conjuration/Fire             3
   d - Inner Flame                    Hexes/Fire                   3
   e - Sticky Flame                   Conjuration/Fire             4
   f - Fireball                       Conjuration/Fire             5
 D - a book of Party Tricks

   Spells                             Type                      Level
   a - Summon Butterflies             Summoning                    1
   b - Apportation                    Translocation                1
   c - Lesser Beckoning               Translocation                3
   d - Tukima's Dance                 Hexes                        3
   e - Alistair's Intoxication        Transmutation/Poison         5
   f - Invisibility                   Hexes                        6
 G - a book of Frost

   Spells                             Type                      Level
   a - Freeze                         Ice                          1
   b - Throw Frost                    Conjuration/Ice              2
   c - Ozocubu's Armour               Charms/Ice                   3
   d - Throw Icicle                   Conjuration/Ice              4
   e - Summon Ice Beast               Ice/Summoning                4
Comestibles
 c - 10 bread rations
 q - 7 meat rations
 v - 3 royal jellies
 H - 7 fruits


   Skills:
 - Level 1.7 Dodging
 - Level 1.7 Stealth
 + Level 10.4 Spellcasting
 + Level 11.1 Conjurations
 + Level 10.5 Fire Magic


You had 10 spell levels left.
You knew the following spells:

 Your Spells              Type           Power        Failure   Level  Hunger
a - Flame Tongue          Conj/Fire      #####        1%          1    None
b - Conjure Flame         Conj/Fire      #######.     1%          3    None
c - Sticky Flame          Conj/Fire      #######.     1%          4    ##.....
d - Fireball              Conj/Fire      #######...   1%          5    #####..
e - Spellforged Servitor  Conj/Summ      #####.....   90%         7    #######


Dungeon Overview and Level Annotations

Branches:
Dungeon (12/15)            Temple (1/1) D:5            Lair (0/6) D:9
    Orc (0/2) D:10

Altars:
Cheibriados
Dithmenos
Elyvilon
Fedhas
Gozag
Hepliaklqana
Makhleb
Nemelex Xobeh
Qazlal
Ru
Sif Muna
Trog
Uskayaw
Vehumet
Wu Jian
Xom
Yredelemnul
The Shining One


Innate Abilities, Weirdness & Mutations

You have a pair of horns on your head.
You are mostly covered in icy blue scales. (AC +3)
You may emit foul miasma when damaged in melee.
You are partially covered in sharp spines.
You are immune to rotting.
You have large cloven feet.
You possess an exceptional clarity of mind.
You are resistant to hostile enchantments. (MR+)
Your spells are a little harder to cast, but a little more powerful.


Message History

Unknown command.
Casting: Fireball
Confirm with . or Enter, or press ? or * to list all spells.
Aiming: Fireball
Press: ? - help, Shift-Dir - straight line
Okay, then.
Casting: Fireball
Confirm with . or Enter, or press ? or * to list all spells.
Aiming: Sticky Flame
Press: ? - help, Shift-Dir - straight line, f - large slime creature
Aim: a large slime creature (moderately wounded, sick)
You feel a surge of power!
The sticky flame hits the large slime creature.
The large slime creature is moderately wounded.
The large slime creature is covered in liquid flames!
The large slime creature burns!
The large slime creature is struck by your spines.
The large slime creature hits you!!!
Ouch! That really hurt!
You die...

...... #...... .....#
#...... # #..#####......
.. #............. ...
#............. ....
#........[.รท.. .....
#.....[....#'#
......#####..........#..
.).....@J............#..
.....................#..
<....................#..
.....................#..
.....................###
..............####.....
..............# .....
###############


You could see a large slime creature (burning).

Vanquished Creatures
  6 two-headed ogres
  3 ugly things
  A gargoyle (D:11)
  A tengu conjurer (D:10)
  A troll (D:12)
  A slime creature (D:12)
  A hippogriff (D:7)
  6 yaks (D:11)
  A hungry ghost (D:7)
  4 vampire mosquitoes (D:10)
  An acid dragon (D:12)
  5 orc warriors
  6 ice beasts
  A sky beast (D:8)
  4 ogres
  3 phantoms
  An eye of draining (D:10)
  2 black bears
  3 centaurs
  5 elf zombies (Ossuary)
  3 bullfrogs
  3 scorpions
  16 killer bees
  7 wights
  9 howler monkeys
  4 crimson imps
  3 centaur skeletons
  2 bullfrog skeletons
  8 hounds
  4 jellies
  18 orc wizards
  A gnoll shaman (D:6)
  5 orc priests
  An iguana (D:8)
  8 worker ants
  Ijyb (D:2)
  A big kobold zombie (Ossuary)
  2 hound zombies
  4 mummies (Ossuary)
  A worker ant zombie (D:11)
  4 gnolls (D:6)
  8 adders
  3 shadow imps
  An adder skeleton (D:10)
  An adder zombie (Ossuary)
  3 dart slugs
  6 leopard geckos
  53 orcs
  2 ball pythons
  2 bats
  8 giant cockroaches
  3 gnoll zombies
  5 goblins (D:3)
  7 hobgoblins
  3 jackals (D:4)
  4 quokkas
  A ball python skeleton (D:5)
  5 frilled lizards
  A hobgoblin zombie (Ossuary)
  5 kobolds
  A leopard gecko skeleton (D:5)
  A quokka skeleton (D:4)
  10 rats
  A rat zombie (Ossuary)
295 creatures vanquished.

Vanquished Creatures (others)
  A goblin zombie (Ossuary)
1 creature vanquished.

Grand Total: 296 creatures vanquished

Notes
Turn   | Place    | Note
-------+----------+-------------------------------------------
     0 | D:1      | Dfrag the Demonspawn Fire Elementalist began the quest for the Orb.
     0 | D:1      | Reached XP level 1. HP: 13/13 MP: 3/3
   265 | D:1      | Gained mutation: You are immune to rotting. [demonic ancestry]
   265 | D:1      | Reached XP level 2. HP: 11/19 MP: 1/5
   819 | D:2      | Gained mutation: You are partially covered in icy blue scales. (AC +2) [demonic ancestry]
   819 | D:2      | Reached XP level 3. HP: 19/24 MP: 0/6
   924 | D:2      | Noticed an ogre
   999 | D:2      | Found a hide-covered altar of Uskayaw.
  1152 | D:2      | Reached skill level 2 in Conjurations
  1218 | D:3      | Noticed Ijyb
  1230 | D:2      | Learned a level 3 spell: Conjure Flame
  1354 | D:3      | Gained mutation: You have large cloven feet. [potion of mutation]
  1354 | D:3      | Gained mutation: You possess an exceptional clarity of mind. [potion of mutation]
  1354 | D:3      | Gained mutation: You are resistant to hostile enchantments. (MR+) [potion of mutation]
  1443 | D:2      | Killed Ijyb
  1693 | D:3      | Gained mutation: You are mostly covered in icy blue scales. (AC +3) [demonic ancestry]
  1693 | D:3      | Reached XP level 4. HP: 25/30 MP: 2/8
  1842 | D:3      | Found a snail-covered altar of Cheibriados.
  2037 | D:3      | Reached XP level 5. HP: 5/35 MP: 7/9
  2438 | D:3      | Reached skill level 3 in Conjurations
  2633 | D:4      | Found a stormy altar of Qazlal.
  2736 | D:4      | Noticed a phantom
  2762 | D:4      | Killed a phantom
  2829 | D:4      | Found a sand-covered staircase.
  2840 | Ossuary  | Entered an ossuary
  2864 | Ossuary  | Reached XP level 6. HP: 22/41 MP: 6/11
  3153 | Ossuary  | Learned a level 4 spell: Sticky Flame
  3399 | Ossuary  | Reached skill level 4 in Conjurations
  3428 | Ossuary  | Reached XP level 7. HP: 24/46 MP: 1/13
  3529 | Ossuary  | Reached skill level 5 in Fire Magic
  4166 | D:5      | Entered Level 5 of the Dungeon
  4245 | D:5      | Found a staircase to the Ecumenical Temple.
  4288 | Temple   | Entered the Ecumenical Temple
  4337 | Temple   | Became a worshipper of Vehumet
  5327 | D:5      | Found a hazy altar of Hepliaklqana.
  5327 | D:5      | Found an ornate altar of the Wu Jian Council.
  5467 | D:6      | Reached skill level 5 in Conjurations
  5495 | D:6      | Found a burning altar of Makhleb.
  5522 | D:6      | Reached skill level 5 in Spellcasting
  5792 | D:6      | Gained mutation: You may emit foul miasma when damaged in melee. [demonic ancestry]
  5792 | D:6      | Reached XP level 8. HP: 45/52 MP: 10/15
  6396 | D:6      | Reached * piety under Vehumet
  6396 | D:6      | Offered knowledge of Magic Dart by Vehumet.
  6562 | D:7      | Reached skill level 6 in Conjurations
  6997 | D:7      | Noticed a hippogriff
  7005 | D:7      | Killed a hippogriff
  7008 | D:7      | Gained mutation: You have a pair of small horns on your head. [demonic ancestry]
  7008 | D:7      | Reached XP level 9. HP: 54/57 MP: 12/18
  7087 | D:7      | Reached skill level 7 in Conjurations
  7144 | D:7      | HP: 4/85 [poisoned by a killer bee]
  7147 | D:7      | HP: 1/85 [poisoned by a killer bee]
  7196 | D:7      | Reached ** piety under Vehumet
  7276 | D:7      | Offered knowledge of Sting by Vehumet.
  7495 | D:7      | Found a sparkling altar of Nemelex Xobeh.
  8143 | D:8      | Reached skill level 8 in Conjurations
  8513 | D:8      | Noticed a two-headed ogre
  8529 | D:8      | Killed a two-headed ogre
  8529 | D:8      | Gained mutation: You have a pair of horns on your head. [demonic ancestry]
  8529 | D:8      | Reached XP level 10. HP: 9/63 MP: 4/22
  9027 | D:8      | Offered knowledge of Stone Arrow by Vehumet.
  9108 | D:9      | Noticed a two-headed ogre
  9119 | D:9      | Killed a two-headed ogre
  9119 | D:9      | Reached skill level 9 in Conjurations
  9183 | D:9      | Got a steaming leather armour
  9194 | D:9      | Identified the +5 leather armour of the Game of Life {rElec} (You found it on level 9 of the Dungeon)
  9310 | D:9      | Noticed a two-headed ogre
  9319 | D:9      | Killed a two-headed ogre
  9352 | D:9      | Learned a level 5 spell: Fireball
  9471 | D:9      | Noticed a two-headed ogre
  9476 | D:9      | Killed a two-headed ogre
  9476 | D:9      | Reached *** piety under Vehumet
  9536 | D:9      | Found a sacrificial altar of Ru.
  9548 | D:9      | Found a staircase to the Lair.
  9710 | D:9      | Found a basalt altar of Yredelemnul.
  9843 | D:10     | Entered Level 10 of the Dungeon
  9934 | D:10     | Offered knowledge of Static Discharge by Vehumet.
  9947 | D:10     | Found a staircase to the Orcish Mines.
 10346 | D:10     | Reached **** piety under Vehumet
 10418 | D:10     | Gained mutation: You are partially covered in sharp spines. [demonic ancestry]
 10418 | D:10     | Reached XP level 11. HP: 33/68 MP: 9/24
 10424 | D:10     | Offered knowledge of Venom Bolt by Vehumet.
 10424 | D:10     | Reached skill level 10 in Conjurations
 10657 | D:10     | Noticed a two-headed ogre
 10659 | D:10     | Killed a two-headed ogre
 10848 | D:11     | Noticed a brown ugly thing
 10852 | D:11     | Killed a brown ugly thing
 10991 | D:11     | Reached skill level 10 in Fire Magic
 11074 | D:11     | Reached ***** piety under Vehumet
 11074 | D:11     | Offered knowledge of Spellforged Servitor by Vehumet.
 11184 | D:11     | Noticed a two-headed ogre
 11186 | D:11     | Killed a two-headed ogre
 11186 | D:11     | Reached skill level 10 in Spellcasting
 11197 | D:11     | Learned a level 7 spell: Spellforged Servitor
 11957 | D:12     | Noticed a cyan ugly thing
 11965 | D:12     | Killed a cyan ugly thing
 11977 | D:12     | Gained mutation: Your spells are a little harder to cast, but a little more powerful. [mutagenic meat]
 11987 | D:12     | Noticed a purple ugly thing
 11993 | D:12     | Killed a purple ugly thing
 11993 | D:12     | Reached skill level 11 in Conjurations
 12019 | D:12     | Demolished by a large slime creature

Vault maps used:
D:1:      ncdulo_smallfort, hangedman_abyss_or_decor_lesser_grid
D:2:      lemuel_round_altar, lightli_corner_chamber
D:3:      cheibriados_altar_1, minivault_23, minmay_misc_feat_x,
          minmay_door_square, st_stairs_8, uniq_ijyb
D:4:      grunt_qazlal_sundering, enter_ossuary_1
D:5:      amethyst_overflow_temple_binary, minmay_temple_entry_junction_2,
          first_bread, minmay_misc_feat_more_columns
D:6:      lemuel_crystal_altar, serial_glass, glass_columns_a, glass_columns_b
D:7:      nemelex_xobeh_ov_fountains_minmay
D:9:      nicolae_ru_path_of_blood, lemuel_zombie_altar_yredelemnul,
          lair_entry_dummy
D:10:     hiddenorc2_lemuel, grunt_tengu_nest, hex_large
D:12:     uniq_sonja
Temple:   nicolae_temple_god_jail
Ossuary:  ossuary_minmay_tomb_2a

Skill      XL: |  1  2  3  4  5  6  7  8  9 10 11 |
---------------+----------------------------------+-----
Fire Magic     | 3 4 5 6 8 9 10 | 10.5
Conjurations   | 2 3 4 5 6 8 9 11 | 11.1
Spellcasting   | 3 4 5 6 8 9 10 | 10.4
Dodging        | |  1.7
Stealth        | |  1.7

Action                   |  1- 3 |  4- 6 |  7- 9 | 10-12 || total
-------------------------+-------+-------+-------+-------++-------
Melee: Unarmed           |    58 |    30 |   125 |       ||   213
       Kick              |     3 |     5 |    33 |    23 ||    64
       Hand axe          |       |       |    47 |   107 ||   154
       Headbutt          |       |       |     8 |    12 ||    20
 Cast: Flame Tongue      |    68 |   100 |    74 |    62 ||   304
       Sticky Flame      |       |     4 |    43 |    24 ||    71
       Conjure Flame     |       |       |     2 |     1 ||     3
       Fireball          |       |       |       |    32 ||    32
Evoke: Wand              |       |       |     3 |       ||     3
  Use: Potion            |     2 |     1 |     4 |       ||     7
 Stab: Sleeping          |       |       |     1 |       ||     1
       Distracted        |       |       |       |     1 ||     1
  Eat: Chunk             |     1 |     5 |    17 |    20 ||    43
       Fruit             |     1 |       |     3 |       ||     4
       Royal jelly       |       |     1 |       |       ||     1
       Meat ration       |       |       |     1 |       ||     1
Armor: Robe              |    17 |    20 |    73 |     7 ||   117
       Leather armour    |       |       |       |    46 ||    46
Dodge: Dodged            |    63 |    58 |   140 |    83 ||   344

Table legend:
 A = Spawn XP
 B = Non-spawn XP
 C = Spawn XP percentage of total XP
 D = Spawn monster count
 E = Non-spawn monster count
 F = Spawn count percentage of total count
 G = Total turns spent on level
                    A         B        C        D         E        F      G
               +---------+---------+-------+---------+---------+-------+---------
         Total |       0 |   19743 |   0.0 |       0 |     295 |   0.0 | 12019
               +---------+---------+-------+---------+---------+-------+---------
           D:1 |       0 |      24 |   0.0 |       0 |      15 |   0.0 |   690
           D:2 |       0 |      58 |   0.0 |       0 |      13 |   0.0 |   947
           D:3 |       0 |     149 |   0.0 |       0 |      28 |   0.0 |   936
           D:4 |       0 |     167 |   0.0 |       0 |       9 |   0.0 |   737
           D:5 |       0 |     186 |   0.0 |       0 |       5 |   0.0 |  1168
           D:6 |       0 |     774 |   0.0 |       0 |      30 |   0.0 |  1113
           D:7 |       0 |    2538 |   0.0 |       0 |      45 |   0.0 |  1551
           D:8 |       0 |    2003 |   0.0 |       0 |      19 |   0.0 |  1000
           D:9 |       0 |    3140 |   0.0 |       0 |      14 |   0.0 |   942
          D:10 |       0 |    3690 |   0.0 |       0 |      64 |   0.0 |   819
          D:11 |       0 |    4503 |   0.0 |       0 |      31 |   0.0 |  1105
          D:12 |       0 |    1928 |   0.0 |       0 |       7 |   0.0 |    70
       Ossuary |       0 |     583 |   0.0 |       0 |      15 |   0.0 |   873
               +---------+---------+-------+---------+---------+-------+---------
